 Dungeon Crawl Stone Soup version 0.30.0-5-g1a98f26d00 (webtiles) character file.

Game seed: 11167594984335622623

230 GloriousHammer the Chiller (level 6, -11/41 HPs)
             Began as a Formicid Ice Elementalist on May 9, 2023.
             Mangled by an orc wizard
             ... wielding a +2 dagger of electrocution
              (14 damage)
             ... on level 3 of the Dungeon.
             The game lasted 00:05:56 (3902 turns).

GloriousHammer the Chiller (FoIE)                   Turns: 3902, Time: 00:05:57

Health: -11/41     AC:  4    Str: 14    XL:     6   Next: 24%
Magic:  2/10       EV: 11    Int: 15    God:
Gold:   19         SH:  0    Dex: 14    Spells: 4/11 levels left

rFire   . . .        g - +0 mace
rCold   . . .        (no shield)
rNeg    . . .        q - +0 leather armour
rPois   .            (helmet unavailable)
rElec   .            (no cloak)
rCorr   .            r - +0 pair of gloves
SInv    +            (no boots)
Will    .....        (no amulet)
Stlth   ++           (no ring)
HPRegen 0.26/turn    (no ring)
MPRegen 0.12/turn

%: no passive effects
@: freezing walls
A: permanent stasis, dig shafts and tunnels, antennae 3, four strong arms
a: Dig, Shaft Self


You were on level 3 of the Dungeon.
You visited 1 branch of the dungeon, and saw 3 of its levels.

You collected 19 gold pieces.

Inventory:

Hand Weapons
 g - a +0 mace (weapon)
 p - a +0 sling
Missiles
 j - 3 boomerangs
 u - a throwing net
Armour
 a - a +0 robe
 q - a +0 leather armour (worn)
 r - a +0 pair of gloves (worn)
Jewellery
 S - a +6 ring of strength
Scrolls
 c - 2 scrolls of torment {unknown}
 d - a scroll of poison {unknown}
 f - 3 scrolls of identify {unknown}
 k - 3 scrolls of immolation {unknown}
 l - a scroll of magic mapping {unknown}
 n - 2 scrolls of enchant armour {unknown}
 t - a scroll of vulnerability {unknown}
Potions
 b - a potion of magic
 e - a potion of attraction {unknown}
 h - a potion of heal wounds {unknown}
 i - a potion of cancellation {unknown}
 m - 2 potions of flight {unknown}
 o - 4 potions of curing {unknown}
 s - a potion of mutation {unknown}


   Skills:
 + Level 2.7 Maces & Flails
 + Level 1.1 Armour
 - Level 1.7 Dodging
 - Level 2.4 Stealth
 - Level 3.0 Spellcasting
 + Level 5.8 Ice Magic


You had 4 spell levels left.
You knew the following spells:

 Your Spells              Type           Power      Damage    Failure   Level
a - Freeze                Ice            76%        1d8       2%          1
b - Frozen Ramparts       Ice            38%        1d6       7%          3
c - Ozocubu's Armour      Ice            19%        N/A       7%          3

Your spell library contained the following spells:

 Spells                   Type           Power      Damage    Failure   Level
 Summon Ice Beast         Ice/Summ       11%        N/A       58%         4


Dungeon Overview and Level Annotations

Branches:
Dungeon (3/15)

Altars:
Elyvilon

Shops:
D:2 =?

Annotations:
D:3 2 transporters


Innate Abilities, Weirdness & Mutations

You cannot be hasted, slowed, berserked, paralysed or teleported.
You can dig through walls and to a lower floor.
You have a pair of large antennae on your head. (SInv)
Your four strong arms can wield two-handed weapons with a shield.


Message History

Confirm with . or Enter, or press ? or * to list all spells.
Casting: Frozen Ramparts (dangerous; 7% risk of failure)
Press: ? - help, Dir - look around, f - activate The walls around you are covered in ice.
The wall freezes the gnoll.
The gnoll hits you with a +4 spear.
Casting: Frozen Ramparts (dangerous; 7% risk of failure)
Confirm with . or Enter, or press ? or * to list all spells.
A film of ice covers your body!
The wall freezes the gnoll but does no damage.
The gnoll hits you with a +4 spear!
You hit the gnoll.
The gnoll is severely wounded.
The wall freezes the gnoll.
You kill the gnoll!
Your icy armour cracks and falls away as you move.
The frozen ramparts melt away as you move.
You see here a +4 spear.
You start resting.
A rat comes into view.
A rat is nearby!
You see here a +4 spear.
There is a stone staircase leading up here.
You closely miss the rat. The rat bites you but does no damage.
You hit the rat.
You kill the rat!
You see here a +0 pair of gloves.
You start putting on your armour.
You continue putting on your +0 pair of gloves. x4
You finish putting on your +0 pair of gloves.
There is a stone staircase leading up here.
A jackal comes into view.
You see here a +4 spear.
Things that are here:
a +0 flail; a +0 halberd; a gnoll corpse A jackal comes into view.
You closely miss the jackal.
The jackal bites you but does no damage.
You closely miss the jackal. The jackal bites you.
The jackal barely misses you.
You completely miss the jackal. The jackal barely misses you.
You completely miss the jackal. The jackal misses you.
You hit the jackal.
The jackal is severely wounded.
The jackal barely misses you. The jackal misses you.
You hit the jackal but do no damage.
The jackal is severely wounded.
The jackal bites you.
You hit the jackal.
You kill the jackal!
The jackal barely misses you.
You barely miss the jackal. The jackal barely misses you. The jackal bites you.
You barely miss the jackal.
The jackal bites you but does no damage. x2
You completely miss the jackal. The jackal barely misses you.
You barely miss the jackal. The jackal barely misses you.
The jackal misses you.
You miss the jackal. The jackal bites you.
The jackal bites you but does no damage.
You closely miss the jackal. The jackal misses you. The jackal bites you.
You closely miss the jackal. The jackal barely misses you. x2
You hit the jackal.
The jackal is severely wounded.
The jackal bites you but does no damage.
You hit the jackal.
You kill the jackal!
You start resting.
HP restored.
You start waiting.
Done waiting.
You sense a monster nearby.
A goblin comes into view. It is wielding a +0 club.
The goblin shouts!
You sock the goblin!
You kill the goblin!
You see here a +0 club.
Found a leather armour.
A ball python comes into view.
The ball python hisses angrily.
A ball python is nearby!
A ball python is nearby!
You closely miss the ball python.
The ball python bites you but does no damage.
The ball python barely misses you.
You hit the ball python.
You kill the ball python!
You see here a ball python corpse.
Found an emerald potion.
Found a white marble altar of Elyvilon.
s - an emerald potion
t - a scroll labelled ZENLAL UDULAN You see here a +0 leather armour.
Found 8 stones.
You see here 8 stones.
You see here 8 stones.
A hobgoblin comes into view.
A hobgoblin is nearby!
The hobgoblin closely misses you.
You hit the hobgoblin.
You kill the hobgoblin!
Found a leather armour.
Found a transporter.
A gnoll comes into view. It is wielding a +0 whip.
A gnoll is nearby!
Found a wand of flame (8).
The gnoll shouts!
The gnoll throws a throwing net.
The throwing net hits you.
You become entangled in the net!
You see here a throwing net.
You tear a large gash into the net.
You shred the net and break free!
Casting: Ozocubu's Armour (dangerous; 7% risk of failure)
Confirm with . or Enter, or press ? or * to list all spells.
Casting: Frozen Ramparts (dangerous; 7% risk of failure)
Press: ? - help, Dir - look around, f - activate The walls around you are covered in ice.
The wall freezes the gnoll.
The gnoll hits you with a +0 whip.
Casting: Frozen Ramparts (dangerous; 7% risk of failure)
Confirm with . or Enter, or press ? or * to list all spells.
A film of ice covers your body!
The wall freezes the gnoll.
The gnoll hits you but does no damage.
You hit the gnoll but do no damage.
The gnoll is heavily wounded.
The wall freezes the gnoll.
The gnoll hits you but does no damage.
The wall freezes the gnoll.
You kill the gnoll!
Your Armour skill increases to level 1!
You start resting.
The frozen ramparts melt away.
You start resting.
HP restored.
Your icy armour cracks and falls away as you move.
Found a transporter.
u - a throwing net
Things that are here:
a +0 whip; a gnoll corpse
Found a stone staircase leading down.
Magic restored.
There is a stone staircase leading down here.
A rat comes into view.
A rat is nearby!
A rat is nearby!
You hit the rat.
You kill the rat!
You see here a rat corpse. 3 orcs come into view.
Casting: Ozocubu's Armour (dangerous; 7% risk of failure)
Confirm with . or Enter, or press ? or * to list all spells.
Casting: Frozen Ramparts (dangerous; 7% risk of failure)
Press: ? - help, Dir - look around, f - activate The walls around you are covered in ice.
The orc shouts! x2
The wall freezes the orc. x2; The orc hits you with a +0 mace.
Casting: Frozen Ramparts (dangerous; 7% risk of failure)
Confirm with . or Enter, or press ? or * to list all spells.
A film of ice covers your body!
The wall freezes the orc.
You kill the orc!
The wall freezes the orc.
The orc completely misses you.
You closely miss the orc.
The orc is moderately wounded.
The wall freezes the orc but does no damage.
The wall freezes the orc.
The orc hits you with a +0 mace.
You closely miss the orc.
The orc is severely wounded.
The wall freezes the orc. x2
You kill the orc!
The wall freezes the orc but does no damage.
You hit the orc but do no damage.
The orc is lightly wounded.
The wall freezes the orc.
The orc hits you with a +0 club.
You closely miss the orc.
The orc is almost dead.
The frozen ramparts melt away.
The orc barely misses you.
You hit the orc.
You kill the orc!
Your icy armour cracks and falls away as you move.
Things that are here:
a +0 club; a +0 leather armour; a +0 mace An orc wizard comes into view.
It is wielding a +2 dagger of electrocution.
You see here a +0 flail.
The orc wizard casts a spell at you. The magic dart hits you!
Casting: Ozocubu's Armour (dangerous; 7% risk of failure)
Confirm with . or Enter, or press ? or * to list all spells.
Casting: Frozen Ramparts (dangerous; 7% risk of failure)
Press: ? - help, Dir - look around, f - activate The walls around you are covered in ice.
The wall freezes the orc wizard.
Casting: Frozen Ramparts (dangerous; 7% risk of failure)
Confirm with . or Enter, or press ? or * to list all spells.
You don't have enough magic to cast this spell.
You hit the orc wizard but do no damage.
The orc wizard is moderately wounded.
The wall freezes the orc wizard!
The orc wizard hits you with a +2 dagger of electrocution.
You are electrocuted!
* * * LOW HITPOINT WARNING * * *
The wall freezes the orc wizard.
The orc wizard hits you with a +2 dagger of electrocution.
* * * LOW HITPOINT WARNING * * *
You are electrocuted!
You die...

#### ..# #o#
#@# ### #)# #.#
#)# #.# ##.##
#.#
##...########.#
#.....†.....#.#
#....#####....#
#.#.#.........#
#.#.#.......>##


You could see an orc wizard.

Vanquished Creatures
  Natasha (thrice) (D:2)
  6 adders (D:2)
  4 gnolls (D:3)
  A worm (D:2)
  2 dart slugs (D:2)
  3 orcs (D:3)
  4 endoplasms
  2 giant cockroaches
  6 goblins
  2 hobgoblins
  6 jackals
  2 quokkas (D:1)
  9 ball pythons
  2 bats (D:3)
  A frilled lizard (D:2)
  2 kobolds (D:2)
  4 rats
59 creatures vanquished.

Notes
Turn   | Place    | Note
-------+----------+-------------------------------------------
     0 | D:1      | GloriousHammer the Formicid Ice Elementalist began the
                  | quest for the Orb.
     0 | D:1      | Reached XP level 1. HP: 13/13 MP: 3/3
   362 | D:1      | Reached XP level 2. HP: 19/19 MP: 5/5
   834 | D:1      | You fall into a shaft and drop 1 floor!
   894 | D:2      | Found Gionikhe's Magic Scroll Emporium.
   918 | D:2      | Reached XP level 3. HP: 23/24 MP: 6/6
   922 | D:2      | Learned a level 3 spell: Frozen Ramparts
  1164 | D:2      | Found Izauthri's Jewellery Shop.
  1170 | D:2      | Reached skill level 5 in Ice Magic
  1170 | D:2      | Reached XP level 4. HP: 23/30 MP: 3/8
  1215 | D:2      | Learned a level 3 spell: Ozocubu's Armour
  1648 | D:2      | Reached skill level 1 in Maces & Flails
  1752 | D:2      | Found a faded altar of an unknown god.
  1952 | D:2      | Noticed Natasha
  1957 | D:2      | Killed Natasha
  1958 | D:2      | Reached XP level 5. HP: 18/35 MP: 5/9
  2166 | D:2      | Noticed Natasha
  2177 | D:2      | Killed Natasha
  2446 | D:2      | Found Gionikhe's Magic Scroll Emporium.
  2464 | D:2      | Found a faded altar of an unknown god.
  2656 | D:2      | Noticed Natasha
  2662 | D:2      | Killed Natasha
  2911 | D:2      | Found Izauthri's Jewellery Shop.
  3346 | D:3      | Reached XP level 6. HP: 37/41 MP: 0/10
  3704 | D:3      | Found a white marble altar of Elyvilon.
  3809 | D:3      | Found a transporter.
  3819 | D:3      | Reached skill level 1 in Armour
  3833 | D:3      | Found a transporter.
  3902 | D:3      | Mangled by an orc wizard

Illustrated notes

Levels and vault maps discovered:
D:1:      dpeg_arrival_windows_large_door, layout_loops_ring
D:2:      layout_basic, serial_shops, nicolae_shop_peninsula,
          nicolae_shop_trees, ebering_ecumenical_altar_box, uniq_natasha
D:3:      gammafunk_steamed_eel, layout_loops_ring,
          grunt_temple_overflow_order_and_chaos_2,
          lemuel_coloured_pillars_altar, serial_rivers,
          chequers_serial_rivers_micro_a, chequers_serial_rivers_micro_e,
          chequers_serial_rivers_micro_d, chequers_serial_rivers_room_a

Skill      XL: |  1  2  3  4  5  6 |
---------------+-------------------+-----
Spellcasting   | 3 |  3.0
Ice Magic      | 5 |  5.8
Maces & Flails | 1 2 |  2.7
Armour         | 1 |  1.1
Dodging        | |  1.7
Stealth        | |  2.4

Action                     |  1- 3 |  4- 6 || total
---------------------------+-------+-------++-------
  Melee: Mace              |    26 |    64 ||    90
         Unarmed           |     2 |       ||     2
   Cast: Freeze            |    32 |    14 ||    46
         Frozen Ramparts   |       |    12 ||    12
         Ozocubu's Armour  |       |     6 ||     6
Ability: Shaft Self        |     1 |       ||     1
   Stab: Sleeping          |     2 |     1 ||     3
 Armour: Robe              |     6 |     5 ||    11
         Leather armour    |       |    10 ||    10
  Dodge: Dodged            |    40 |    45 ||    85
